 Dungeon Crawl Stone Soup version 0.16.1-18-g436b03c (webtiles) character file.

849 Epyon1771 the Skirmisher (level 8, -2/74 HPs)
             Began as a Naga Wizard on May 14, 2015.
             Was an Initiate of Vehumet.
             Killed by divine providence
             ... invoked by an orc priest
              (13 damage)
             ... on level 6 of the Dungeon.
             The game lasted 00:34:38 (6055 turns).

Epyon1771 the Skirmisher (Naga Wizard)              Turns: 6055, Time: 00:34:38

Health: -2/74      AC:  3    Str: 10    XL:     8   Next: 1%
Magic:  3/17       EV:  9    Int: 21    God:    Vehumet [......]
Gold:   144        SH:  0    Dex:  9    Spells: 5 memorised, 3 levels left

rFire  . . .     SeeInvis +     r - +2 dagger (speed)
rCold  . . .     Clarity  .     a - +0 robe
rNeg   . . .     SustAb   .     (no shield)
rPois  +         Gourm    .     b - +0 hat
rElec  .         Spirit   .     (no cloak)
rCorr  .         Warding  .     (no gloves)
rMut   .         Stasis   .     (no barding)
MR     +....                    (no amulet)
Stlth  ++........               (no ring)
                                (no ring)

@: very slightly contaminated, repel missiles, very slow, somewhat resistant to
hostile enchantments, unstealthy
A: spit poison, see invisible, deformed body, poison resistance, slowness 2, AC
+2
a: Spit Poison, Renounce Religion


You were on level 6 of the Dungeon.
You worshipped Vehumet.
Vehumet was noncommittal.
You were not hungry.

You visited 1 branch of the dungeon, and saw 5 of its levels.

You collected 144 gold pieces.

Inventory:

Hand weapons
 r - a +2 dagger of speed (weapon)
Armour
 a - a +0 robe (worn)
 b - a +0 hat (worn)
Jewellery
 h - an uncursed amulet of resist corrosion {unknown}
Magical devices
 u - a wand of invisibility (0)
Scrolls
 f - a scroll of teleportation {unknown}
 g - 4 scrolls of identify {unknown}
 j - 2 scrolls of magic mapping {unknown}
 l - a scroll of enchant weapon {unknown}
 m - a scroll of blinking {unknown}
 n - a scroll of fog {unknown}
 p - a scroll of noise {unknown}
 v - a scroll of random uselessness {unknown}
 w - a scroll of remove curse {unknown}
Potions
 e - 2 potions of might {unknown}
 k - a potion of curing
 o - a potion of agility {unknown}
 s - a potion of poison {unknown}
 t - a potion of haste {unknown}
Books
 c - a book of Minor Magic

   Spells                             Type                      Level
   a - Magic Dart                     Conjuration                  1
   b - Blink                          Translocation                2
   c - Call Imp                       Summoning                    2
   d - Repel Missiles                 Charms/Air                   2
   e - Slow                           Hexes                        2
   f - Conjure Flame                  Conjuration/Fire             3
   g - Mephitic Cloud                 Conjuration/Poison/Air       3
Comestibles
 d - 2 bread rations
 i - 2 beef jerkies
 q - 4 meat rations


   Skills:
 - Level 5.3 Fighting
 - Level 1.5 Dodging
 - Level 3.0 Stealth
 + Level 3.8 Spellcasting
 + Level 4.1 Conjurations
   Level 1.0 Summonings
 - Level 1.0 Translocations
 - Level 3.4 Air Magic
 - Level 3.1 Poison Magic


You had 3 spell levels left.
You knew the following spells:

 Your Spells              Type           Power        Failure   Level  Hunger
a - Magic Dart            Conj           ###.         1%          1    None
b - Mephitic Cloud        Conj/Pois/Air  ###.....     10%         3    ###....
c - Conjure Flame         Conj/Fire      ##......     17%         3    ###....
d - Repel Missiles        Chrm/Air       ##....       12%         2    ##.....
e - Blink                 Tloc           N/A          14%         2    ##.....


Dungeon Overview and Level Annotations

Branches:
Dungeon (6/15)
 Temple: D:4-7

Altars:
Ru
Vehumet


Innate Abilities, Weirdness & Mutations

You cannot wear boots.
You can spit poison.
Your serpentine skin is tough (AC +2).
You have supernaturally acute eyesight.
Armour fits poorly on your strangely shaped body.
Your system is resistant to poisons.
You cover ground very slowly.


Message History

The ice beast hits you. The ice beast freezes you.
* * * LOW HITPOINT WARNING * * *
A giant newt comes into view.
Things that are here:
a flail; a leather armour The orc priest glows brightly for a moment.
Casting: Conjure Flame
Confirm with . or Enter, or press ? or * to list all spells.
You miscast Blink.
You are very lightly contaminated with residual magic.
You feel a wrenching sensation. The ice beast hits you.
* * * LOW HITPOINT WARNING * * *
The ice beast freezes you!
* * * LOW HITPOINT WARNING * * *
Casting: Blink
Confirm with . or Enter, or press ? or * to list all spells.
You blink.
The orc priest invokes the aid of Beogh against you.
Something smites you!
You die...

#.# #..##<.##.#####.#####.### .##
#.....#####......##).##.# .#
##..)### #..###....####. .##
#..)..# ##.# ##..## ## ..##
##.....## #.# #..#####.
...####.......# #.####...)....
.#.รท)#........##
###.##..........
####...........###.)...o.#..##...
# #............@..lY..###..###..
####...###.....).......# ##)####.
.......................# #..###.
......................## #..##..
......................# ##.....
......................# ##.....
.##.......###.........# #......
.##........##.........# #......
.#......#...#.........# ######.


You could see an ice beast, an orc priest and a giant newt.

Vanquished Creatures
  A wyvern (D:6)
  3 ogres (D:6)
  A jelly (D:6)
  2 goliath beetles (D:6)
  5 orc wizards (D:6)
  A worker ant (D:6)
  Jessica (D:2)
  Terence (D:2)
  10 adders
  A giant mite (D:2)
  2 worms
  An adder zombie (D:6)
  An adder skeleton (D:6)
  3 giant geckos
  An ooze (D:1)
  13 orcs (D:6)
  9 bats
  11 goblins
  9 hobgoblins
  8 jackals
  7 kobolds
  3 quokkas
  2 ball pythons
  3 giant cockroaches
  4 giant newts (D:1)
  4 rats
107 creatures vanquished.

Notes
Turn   | Place    | Note
--------------------------------------------------------------
     0 | D:1      | Epyon1771, the Naga Wizard, began the quest for the Orb.
     0 | D:1      | Reached XP level 1. HP: 15/15 MP: 4/4
   420 | D:1      | Reached XP level 2. HP: 8/22 MP: 0/6
  1156 | D:1      | Reached XP level 3. HP: 25/28 MP: 7/7
  1282 | D:1      | Learned a level 3 spell: Mephitic Cloud
  1286 | D:1      | Learned a level 3 spell: Conjure Flame
  1996 | D:2      | Reached skill level 1 in Poison Magic
  2167 | D:2      | Reached skill level 1 in Air Magic
  2167 | D:2      | Reached XP level 4. HP: 23/36 MP: 0/9
  2435 | D:2      | Noticed Jessica
  2452 | D:2      | Killed Jessica
  2882 | D:2      | Reached XP level 5. HP: 26/42 MP: 8/11
  2965 | D:2      | Noticed Terence
  2988 | D:2      | Killed Terence
  3681 | D:3      | You fall through a shaft for 3 floors!
  3681 | D:6      | Noticed an ogre
  3714 | D:6      | Killed an ogre
  3714 | D:6      | Reached XP level 6. HP: 34/52 MP: 0/12
  3863 | D:5      | Entered Level 5 of the Dungeon
  3867 | D:5      | Found a sacrificial altar of Ru.
  3918 | D:6      | Found a staircase to the Ecumenical Temple.
  4717 | D:6      | Noticed a wyvern
  4732 | D:6      | Killed a wyvern
  4732 | D:6      | Reached skill level 4 in Fighting
  4732 | D:6      | Reached XP level 7. HP: 63/66 MP: 0/14
  4856 | D:6      | Reached skill level 5 in Fighting
  5454 | D:6      | Found a radiant altar of Vehumet.
  5470 | D:6      | Became a worshipper of Vehumet
  5497 | D:6      | Noticed an ogre
  5513 | D:6      | Noticed an ice beast
  5513 | D:6      | Killed an ogre
  5807 | D:6      | Reached XP level 8. HP: 74/74 MP: 15/17
  5811 | D:6      | Learned a level 2 spell: Repel Missiles
  5814 | D:6      | Learned a level 2 spell: Blink
  6055 | D:6      | Killed from afar by an orc priest

Action                   |  1- 3 |  4- 6 |  7- 9 || total
-------------------------+-------+-------+-------++-------
Melee: Mace              |     6 |       |       ||     6
       Whip              |    25 |       |       ||    25
       Short sword       |    11 |    26 |       ||    37
       Dagger            |       |    36 |    13 ||    49
 Cast: Magic Dart        |    75 |    97 |    81 ||   253
       Mephitic Cloud    |       |    12 |     4 ||    16
       Conjure Flame     |       |     6 |     4 ||    10
       Blink             |       |       |     5 ||     5
       Repel Missiles    |       |       |     1 ||     1
 Abil: Spit Poison       |     8 |    25 |    13 ||    46
Evoke: Wand              |       |     1 |     1 ||     2
 Stab: Sleeping          |       |     1 |       ||     1
       Confused          |       |     2 |       ||     2
  Eat: Chunk             |     4 |     6 |     5 ||    15
       Pizza             |       |     1 |       ||     1
       Bread ration      |       |     1 |       ||     1
